 Dungeon Crawl Stone Soup version 0.29.1-12-g30fa7ad0bf (webtiles) character file.

Game seed: 2079829542021444302

59 xSliceyx the Shield-Bearer (level 4, -4/28 HPs)
             Began as a Gargoyle Fighter on Dec 12, 2022.
             Slain by a worm (12 damage)
             ... on level 3 of the Dungeon.
             The game lasted 00:03:31 (2043 turns).

xSliceyx the Shield-Bearer (Gargoyle Fighter)       Turns: 2043, Time: 00:03:32

Health: -4/28      AC: 10    Str: 21    XL:     4   Next: 3%
Magic:  4/4        EV:  9    Int:  9    God:
Gold:   101        SH:  4    Dex:  9    Spells: 3/3 levels left

rFire   . . .      SeeInvis .   a - +0 flail
rCold   . . .      Faith    .   c - +0 buckler
rNeg    + . .      Spirit   .   b - +0 scale mail
rPois   ∞          Reflect  .   (no helmet)
rElec   +          Harm     .   (no cloak)
rCorr   .          Rampage  .   (no gloves)
Will    .....                   (no boots)
Stlth   ..........              (no amulet)
HPRegen 0.09/turn               (no ring)
MPRegen 0.09/turn               (no ring)

@: no status effects
A: sickness immunity, AC +3, negative energy resistance 1, electricity
resistance, torment resistance 1, petrification resistance
a: no special abilities


You were on level 3 of the Dungeon.
You visited 1 branch of the dungeon, and saw 3 of its levels.

You collected 101 gold pieces.

Inventory:

Hand Weapons
 a - a +0 flail (weapon)
Missiles
 n - 3 datura-tipped darts (quivered)
 p - 2 poisoned darts
Armour
 b - a +0 scale mail (worn)
 c - a +0 buckler (worn)
Jewellery
 l - a ring of magical power
Scrolls
 e - a scroll of butterflies {unknown}
 f - 3 scrolls of teleportation {unknown}
 h - 3 scrolls of identify {unknown}
 i - a scroll of summoning {unknown}
 j - a scroll of silence {unknown}
 m - a scroll of enchant weapon {unknown}
Potions
 d - a potion of might
 g - 3 potions of ambrosia {unknown}
 k - a potion of mutation {unknown}
 o - a potion of curing {unknown}


   Skills:
 - Level 3.2 Fighting
 - Level 2.0 Maces & Flails
 + Level 4.3 Armour
 + Level 4.4 Shields


You had 3 spell levels left.
You didn't know any spells.
Your spell library contained the following spells:

 Spells                   Type           Power      Damage    Failure   Level
 Static Discharge         Conj/Air       0%         3-3/arc   91%         2
 Olgreb's Toxic Radiance  Pois           0%         N/A       100%        4
 Lightning Bolt           Conj/Air       0%         1d11      100%        5
 Ozocubu's Refrigeration  Ice            0%         4d7       100%        7
 Ignition                 Fire           0%         3d3       100%        8
 Maxwell's Capacitive Co  Air            0%         ∞         100%        8


Dungeon Overview and Level Annotations

Branches:
Dungeon (3/15)

Altars:

Shops:
D:1 =


Innate Abilities, Weirdness & Mutations

You are immune to sickness and miasma.
Your stone body is resilient. (AC +3)
You are immune to poison.
You resist negative energy. (rN+)
You are resistant to electric shocks. (rElec)
You are resistant to unholy torment.
You are immune to petrification.


Message History

The worm is heavily wounded.
The worm bites you.
You hit the worm.
The worm is severely wounded.
The worm bites you.
You barely miss the worm.
The worm is heavily wounded.
The worm bites you!
You are too injured to fight recklessly!
You hit the worm.
The worm is severely wounded.
The worm bites you!
* * * LOW HITPOINT WARNING * * *
There is a stone staircase leading up here.
A worm is nearby!
You barely miss the worm.
The worm is moderately wounded.
Throw: 4 darts (datura)
Press: ? - help, Q - select action, (/) - cycle Shift-Dir - straight line, f - worm
Aim: a worm (moderately wounded, 75% to hit, chance to frenzy on hit: 51%)
You throw a datura-tipped dart. The datura-tipped dart hits the worm.
The worm flies into a frenzy!
The worm is moderately wounded.
An orc comes into view. It is wielding a +0 trident.
The orc throws a boomerang.
The boomerang hits you.
* * * LOW HITPOINT WARNING * * *
The orc throws a boomerang.
The boomerang closely misses you.
Found a stone staircase leading down.
Throw: 3 darts (poison)
Press: ? - help, Shift-Dir - straight line, f/p - worm
Aim: a worm (fast, strong, frenzied and insane, 75% to hit)
You throw a poisoned dart. The poisoned dart hits the worm.
The worm is poisoned.
The orc throws a boomerang.
The boomerang hits the worm.
The orc throws a boomerang.
The boomerang hits the worm.
The orc throws a boomerang.
The boomerang hits the worm.
You hit the worm but do no damage.
The worm is heavily wounded.
The worm bites you!
You die...

# ## .. ..
#...##.
#...#..###
#........
.......>#
#.#@#
#.#w#######
#..........
###.#######
#.# #.# #.#
# #o####...
#.....o..


You could see an orc and a neutral worm (fast, strong, insane, poisoned).

Vanquished Creatures
  2 adders (D:2)
  2 endoplasms
  3 giant cockroaches
  6 goblins
  4 hobgoblins
  2 jackals (D:1)
  5 kobolds
  A quokka (D:1)
  2 ball pythons (D:1)
  4 bats
  3 frilled lizards
  4 rats
38 creatures vanquished.

Notes
Turn   | Place    | Note
-------+----------+-------------------------------------------
     0 | D:1      | xSliceyx the Gargoyle Fighter began the quest for the Orb.
     0 | D:1      | Reached XP level 1. HP: 14/14 MP: 1/1
   456 | D:1      | Found Jutz's Jewellery Shoppe.
   465 | D:1      | Reached XP level 2. HP: 19/19 MP: 2/2
  1080 | D:1      | Reached XP level 3. HP: 20/23 MP: 3/3
  1806 | D:2      | Reached XP level 4. HP: 28/28 MP: 4/4
  2043 | D:3      | Slain by a worm

Illustrated notes

Levels and vault maps discovered:
D:1:      saegor_arrival_simple_b, layout_loops_corners, serial_shops,
          nicolae_shop_advertising_works [nicolae_subvault_shop_adworks],
          grunt_decor_resistance, chequers_serial_rivers_marsh,
          minmay_box_of_dots
D:2:      layout_basic, minivault_5, minmay_tall_x
D:3:      minmay_octagon_keep, layout_basic, minmay_misc_feat_nine_boxes

Skill      XL: |  1  2  3 |
---------------+----------+-----
Armour         | 4 |  4.3
Shields        | 4 |  4.4
Fighting       | |  3.2
Maces & Flails | |  2.0

Action                   |  1- 3 |  4- 6 || total
-------------------------+-------+-------++-------
Melee: Flail             |   132 |     9 ||   141
Throw: Dart              |       |     2 ||     2
Armor: Scale mail        |    91 |       ||    91
Dodge: Dodged            |    81 |     3 ||    84
Block: Buckler           |    28 |     1 ||    29
